 Dungeon Crawl Stone Soup version 0.17.1-1-g73c8601 (webtiles) character file.

236 Metrazal the Covert (level 5, -4/26 HPs)
             Began as a Spriggan Assassin on Jan 2, 2016.
             Slain by Flanowski's ghost (6 damage)
             ... on level 4 of the Dungeon.
             The game lasted 01:04:56 (4539 turns).

Metrazal the Covert (Spriggan Assassin)             Turns: 4539, Time: 01:04:56

Health: -4/26      AC:  3    Str:  8    XL:     5   Next: 77%
Magic:  6/6        EV: 18    Int: 13    God:
Gold:   105        SH:  0    Dex: 17    Spells: 0 memorised, 4 levels left

rFire  . . .     SeeInvis +     a - +2 dagger
rCold  . . .     Clarity  .     c - +0 robe
rNeg   . . .     SustAt   .     (shield restricted)
rPois  .         Gourm    .     (helmet restricted)
rElec  .         Spirit   .     d - +0 cloak
rCorr  .         Warding  .     (gloves unavailable)
rMut   .         Stasis   .     (boots unavailable)
MR     +....                    (no amulet)
Stlth  +++++.....               o - ring of see invisible
                                n - ring of protection from magic

@: very quick, somewhat resistant to hostile enchantments, quite stealthy
A: unfitting armour, see invisible, herbivore 3, speed 3, slow metabolism 2
a: no special abilities


You were on level 4 of the Dungeon.
You were not hungry.

You visited 1 branch of the dungeon, and saw 4 of its levels.

You collected 105 gold pieces.

Inventory:

Hand Weapons
 a - a +2 dagger (weapon)
 b - a +0 blowgun
Missiles
 f - a curare-tipped needle
 h - 123 stones (quivered)
 m - 11 sling bullets of flame
 p - 4 poisoned needles
Armour
 c - a +0 robe (worn)
 d - a +0 cloak (worn)
Jewellery
 j - an uncursed ring of fire {unknown}
 n - a ring of protection from magic (left hand)
 o - a ring of see invisible (right hand)
Wands
 e - a wand of slowing (48)
 r - a wand of polymorph (0)
Scrolls
 i - 3 scrolls of remove curse
Potions
 q - a potion of brilliance {unknown}
Comestibles
 g - 6 bread rations
 k - 3 fruits
 l - a royal jelly


   Skills:
 + Level 1.7 Fighting
 + Level 2.2 Short Blades
 + Level 4.4 Throwing
 + Level 2.7 Dodging
 + Level 8.3 Stealth


You had 4 spell levels left.
You didn't know any spells.

Dungeon Overview and Level Annotations

Branches:
Dungeon (4/15)
 Temple: D:4-7

Altars:
Cheibriados
Trog

Annotations:
D:4 Flanowski's ghost, amateur MfBe


Innate Abilities, Weirdness & Mutations

You are tiny and cannot use many weapons and most armour.
You have supernaturally acute eyesight.
You are a herbivore.
You cover ground extremely quickly.
You need consume almost no food.


Message History

Flanowski's ghost lets out a mournful wail.
Flanowski's ghost barely misses you.
You hit Flanowski's ghost but do no damage.
Flanowski's ghost is moderately damaged.
Flanowski's ghost closely misses you.
You barely miss Flanowski's ghost.
Flanowski's ghost is moderately damaged.
Flanowski's ghost misses you.
You closely miss Flanowski's ghost.
Flanowski's ghost is moderately damaged.
Flanowski's ghost hits you.
* * * LOW HITPOINT WARNING * * *
You closely miss Flanowski's ghost.
Flanowski's ghost is moderately damaged.
Flanowski's ghost hits you.
* * * LOW HITPOINT WARNING * * *
You closely miss Flanowski's ghost.
Flanowski's ghost is moderately damaged.
Flanowski's ghost hits you.
You die...

.... .. ....
...
...########...
#............
###............
...............
#..W........
#@....# #.....#
# #[....#.#
#.....#.###.
#...........
##.....#.####
#### #####
#............
...# #...#
#......#.####
..<# #...#
#.#....#.#


You could see Flanowski's ghost.

Vanquished Creatures
  Jessica (D:3)
  A worker ant (D:4)
  6 adders
  5 gnolls
  An ooze (D:1)
  A worm (D:2)
  11 orcs
  A ball python (D:1)
  4 giant cockroaches
  10 goblins
  7 hobgoblins
  4 bats
  2 giant newts (D:3)
  10 kobolds
  7 rats
71 creatures vanquished.

Notes
Turn   | Place    | Note
--------------------------------------------------------------
     0 | D:1      | Metrazal the Spriggan Assassin began the quest for the Orb.
     0 | D:1      | Reached XP level 1. HP: 10/10 MP: 2/2
    21 | D:1      | Reached skill level 6 in Stealth
   547 | D:1      | Reached XP level 2. HP: 14/14 MP: 3/3
  1284 | D:1      | Reached skill level 7 in Stealth
  1363 | D:1      | Reached XP level 3. HP: 15/18 MP: 4/4
  2730 | D:2      | Reached XP level 4. HP: 21/23 MP: 5/5
  3043 | D:3      | Found a bloodstained altar of Trog.
  3320 | D:3      | Noticed Jessica
  3327 | D:3      | Killed Jessica
  3330 | D:3      | Reached XP level 5. HP: 26/26 MP: 6/6
  3658 | D:3      | Reached skill level 8 in Stealth
  4268 | D:4      | Found a snail-covered altar of Cheibriados.
  4449 | D:4      | Noticed Flanowski's ghost (amateur MfBe)
  4539 | D:4      | Slain by Flanowski's ghost

Action                   |  1- 3 |  4- 6 || total
-------------------------+-------+-------++-------
Melee: Dagger            |     8 |    48 ||    56
 Fire: Blowgun           |    51 |    56 ||   107
Throw: Stone             |       |     5 ||     5
Evoke: Wand              |       |     5 ||     5
  Use: Scroll            |     6 |     4 ||    10
       Potion            |     2 |     3 ||     5
 Stab: Sleeping          |    14 |    16 ||    30
       Distracted        |     2 |     2 ||     4
